Map: Golden Wall LE

Players

Munte - Winner!

  • Race: Zerg Zerg
  • Spawn Location: 5:00

Rabbit

  • Race: Zerg Zerg
  • League: Diamond
  • Spawn Location: 7:00

VOD

Have the link to the VOD?

Description

Time

  • Played on: Sept. 1, 2020, 10:08 a.m.
  • Length: 14:36
Show
View Real Time Build Order
Export as new Build Order

Munte Zerg - Winner!

Build Orders: Hatch First 

Get SALT Encoding   

  12  0:00  Drone  
  13  0:12  Overlord  
  13  0:20  Drone  
  14  0:32  Drone x2  
  16  0:51  Hatchery  
  16  0:54  Drone  
  16  0:59  Drone  
  17  1:06  Drone  
  18  1:13  Extractor  
  17  1:21  Spawning Pool  
  17  1:23  Drone  
  17  1:25  Drone  
  18  1:36  Drone  
  18  1:38  Overlord  
  19  1:54  Drone  
  19  2:00  Drone  
  21  2:07  Queen x2  
  25  2:08  Zergling x2  
  25  2:11  Zergling x2  
  27  2:17  Metabolic Boost  
  27  2:23  Overlord  
  27  2:33  Zergling x2  
  27  2:34  Drone x2  
  30  2:40  Drone  
  31  2:45  Drone  
  32  2:59  Drone x3  
  35  3:05  Roach Warren  
  35  3:07  Drone  
  35  3:27  Evolution Chamber  
  35  3:29  Queen  
  35  3:31  Drone x4  
  40  3:43  Zergling x4  
  40  3:44  Zergling x4  
  44  3:53  Evolution Chamber  
  44  3:54  Overlord  
  43  3:56  Overlord  
  43  4:03  Hatchery  
  43  4:06  Zerg Ground Armor Level 1  
  42  4:20  Drone x4  
  42  4:21  Drone x2  
  42  4:24  Lair, Extractor  
  43  4:40  Roach x5  
  52  4:49  Drone x2  
  52  5:10  Drone x2  
  52  5:11  Drone x2  
  52  5:13  Extractor  
  55  5:14  Queen  
  55  5:18  Drone x3, Extractor  
  55  5:19  Overlord  
  55  5:20  Overlord  
  59  5:27  Zerg Missile Weapons Level 1  
  59  5:29  Glial Reconstitution  
  59  5:33  Roach  
  59  5:34  Zergling x2  
  59  5:35  Zergling x8  
  66  5:43  Queen  
  68  5:54  Roach x7  
  82  6:21  Overlord x3  
  82  6:29  Overlord  
  82  6:31  Overlord  
  82  6:33  Pneumatized Carapace  
  82  6:35  Zerg Ground Armor Level 2  
  82  6:40  Hydralisk Den  
  83  6:47  Roach x6  
  83  6:48  Roach  
  83  6:49  Zergling x2  
  95  7:04  Roach x5  
  95  7:05  Zergling x2  
  102  7:25  Roach  
  102  7:26  Roach x6  
  102  7:28  Drone  
  117  7:40  Zerg Missile Weapons Level 2  
  117  7:41  Overlord  
  117  7:42  Overlord  
  117  7:53  Zergling x8  
  117  7:55  Overlord  
  121  8:06  Drone x8  
  119  8:27  Roach x7  
  133  8:36  Drone x6  
  138  8:55  Roach  
  130  8:56  Roach x6  
  126  9:12  Drone x4  
  126  9:13  Roach  
  126  9:14  Roach x7  
  137  9:28  Ravager  
  137  9:29  Ravager x4  
  142  9:34  Ravager  
  142  9:36  Ravager  
  142  9:37  Ravager  
  145  9:46  Muscular Augments  
  145  9:49  Hatchery  
  144  9:55  Extractor x2  
  144  9:56  Infestation Pit  
  141  10:03  Overlord  
  141  10:04  Overlord x2  
  141  10:11  Zerg Melee Weapons Level 1  
  141  10:15  Ravager x2  
  141  10:16  Ravager  
  141  10:21  Overlord x2  
  144  10:34  Hatchery  
  143  10:37  Roach x2  
  143  10:38  Roach x7  
  143  10:39  Zergling x2  
  143  10:40  Zergling x24  
  172  11:03  Zergling x2  
  173  11:04  Zergling x22  
  173  11:05  Overlord x2  
  160  11:27  Roach x4  
  160  11:28  Roach x7  
  152  11:51  Roach x9  
  122  12:03  Drone  
  122  12:04  Roach x5  
  122  12:05  Roach x2  
  119  12:12  Drone x2  
  115  12:27  Roach  
  115  12:28  Roach x8  
  133  12:31  Drone  
  133  12:32  Drone  
  135  12:38  Hive  
  135  12:39  Roach  
  135  12:40  Roach x4  
  135  12:43  Ravager x2  
  135  12:44  Ravager x2  
  149  12:54  Drone  
  149  12:57  Roach x9  
  168  13:02  Zergling x4  
  168  13:05  Queen  
  172  13:06  Queen  
  174  13:14  Zergling x6  
  174  13:15  Zergling x12  
  181  13:42  Roach x9  
  196  14:00  Roach  
  196  14:01  Roach x10  
Show
View Real Time Build Order
Export as new Build Order

Rabbit Zerg 

Build Orders: Pool First 

Get SALT Encoding   

  12  0:01  Drone  
  13  0:11  Drone  
  14  0:17  Overlord  
  14  0:24  Extractor  
  14  0:25  Drone  
  15  0:35  Drone x2  
  17  0:44  Drone  
  18  0:52  Spawning Pool  
  18  0:55  Drone  
  18  1:14  Hatchery  
  18  1:17  Drone  
  18  1:21  Drone  
  18  1:23  Extractor  
  18  1:28  Drone  
  19  1:38  Overlord  
  19  1:41  Queen  
  21  1:49  Zergling x2  
  22  2:17  Queen  
  24  2:23  Drone x3  
  24  2:27  Drone  
  28  2:42  Zergling x2  
  28  2:43  Zergling x2  
  29  2:52  Baneling Nest  
  29  2:54  Zergling x4  
  29  2:57  Metabolic Boost  
  30  3:13  Overlord  
  30  3:14  Overlord  
  30  3:17  Drone  
  30  3:18  Drone x3  
  34  3:26  Drone  
  35  3:45  Drone  
  35  3:46  Drone x6  
  35  3:48  Hatchery  
  41  3:50  Extractor  
  41  3:51  Extractor  
  41  3:54  Queen  
  41  4:05  Overlord  
  41  4:20  Roach Warren  
  41  4:21  Evolution Chamber  
  41  4:22  Drone  
  41  4:23  Drone x7  
  47  4:29  Zergling x2  
  47  4:30  Zergling x4  
  49  4:34  Zergling x2  
  49  4:37  Zergling x2  
  46  4:41  Queen  
  46  4:44  Zergling x2  
  47  4:50  Zergling x2  
  47  4:58  Zerg Missile Weapons Level 1  
  46  5:07  Baneling x3  
  46  5:11  Drone x2  
  46  5:12  Queen  
  50  5:16  Overlord  
  50  5:19  Drone x3  
  53  5:23  Lair  
  53  5:29  Drone  
  53  5:31  Drone  
  55  5:47  Roach x5  
  65  5:53  Drone  
  65  5:54  Overlord x2  
  66  6:04  Overlord  
  65  6:05  Baneling x2  
  65  6:17  Roach  
  65  6:18  Roach x7  
  81  6:21  Zergling x2  
  81  6:22  Overlord  
  81  6:25  Roach x3  
  88  6:37  Roach  
  90  6:41  Ravager x2  
  90  6:42  Glial Reconstitution  
  92  6:51  Roach  
  92  6:52  Roach x2  
  95  7:08  Drone  
  95  7:09  Drone x3  
  95  7:10  Overlord x2  
  95  7:14  Zerg Ground Armor Level 1  
  98  7:16  Overlord x2  
  98  7:28  Overseer  
  98  7:32  Extractor  
  98  7:34  Drone  
  98  7:35  Drone x7  
  105  7:38  Roach x4  
  105  7:43  Roach x6  
  125  7:49  Overlord x3  
  125  8:00  Overlord  
  125  8:02  Overlord  
  125  8:05  Hatchery  
  122  8:13  Roach  
  122  8:14  Roach x5  
  122  8:25  Roach x6  
  121  8:36  Roach x4  
  128  8:44  Roach  
  128  8:45  Roach x3  
  134  8:49  Roach  
  134  8:53  Roach x2  
  128  8:57  Roach Warren  
  128  8:58  Zergling x2  
  128  8:59  Zergling x6  
  121  9:05  Zergling x2  
  121  9:06  Zergling x12  
  118  9:18  Zergling x6  
  118  9:23  Drone x5  
  118  9:24  Queen  
  126  9:31  Zerg Missile Weapons Level 2  
  128  9:44  Ravager  
  128  9:45  Ravager x2  
  131  9:46  Ravager  
  131  9:47  Ravager  
  131  9:50  Ravager x2  
  131  9:51  Roach, Ravager  
  131  9:52  Roach x6  
  150  9:58  Extractor  
  150  9:59  Extractor  
  148  10:00  Drone x3  
  148  10:01  Drone x2  
  148  10:02  Drone  
  148  10:05  Roach  
  148  10:06  Roach x2  
  160  10:08  Overlord x4  
  160  10:27  Overseer  
  160  10:31  Drone x5  
  165  10:36  Roach x2  
  165  10:37  Roach x11  
  186  10:51  Roach x2  
  186  10:53  Overlord  
  183  11:02  Roach x3  
  182  11:04  Ravager x2  
  182  11:05  Ravager  
  181  11:13  Spore Crawler  
  181  11:16  Roach x9  
  181  11:17  Roach x6  
  170  11:28  Roach  
  170  11:29  Roach x5  
  157  11:38  Roach x5  
  161  11:45  Roach  
  161  11:46  Roach x4  
  146  11:51  Roach  
  146  11:52  Roach x2  
  117  12:02  Roach  
  117  12:03  Roach x3  
  117  12:10  Queen  
  117  12:11  Roach  
  117  12:12  Roach x5  
  117  12:14  Zerg Ground Armor Level 2  
  125  12:19  Ravager  
  126  12:25  Zergling x10  
  126  12:27  Drone x2  
  126  12:29  Extractor  
  132  12:31  Extractor  
  132  12:33  Ravager  
  132  12:38  Zergling x2  
  132  12:39  Zergling x6  
  137  12:44  Ravager  
  137  12:45  Ravager  
  137  12:46  Ravager  
  137  12:48  Zergling x8  
  137  12:49  Queen  
  145  12:54  Drone  
  145  12:55  Drone x3  
  149  13:08  Hatchery  
  149  13:11  Roach x6  
  149  13:12  Roach x2  
  164  13:29  Roach  
  164  13:30  Roach x8  
  178  13:43  Roach  
  178  13:44  Roach x3  
  178  13:47  Roach  
  178  13:48  Roach x3  
  183  13:59  Roach  
  183  14:00  Roach x5  
  158  14:06  Roach x2  
  127  14:11  Roach  
  127  14:12  Roach x3  
  127  14:14  Ravager  
Tags
 
Add a new tag
Caveats
  • Supply blocks, unpowered buildings, or Contaminate may cause inaccurate times.
  • Supply counts are checked every 10 seconds.